[Event "26th Abu Dhabi Master 2019"]
[Site "Abu Dhabi"]
[Date "2019.08.02"]
[Round "1.39"]
[White "Xu, Yi"]
[Black "Aakanksha Hagawane"]
[Result "1-0"]
[ECO "C11"]
[WhiteElo "2524"]
[BlackElo "2246"]
[Annotator "ChessBase"]
[PlyCount "63"]
[EventDate "2019.08.02"]
[EventType "swiss"]
[EventCountry "UAE"]
[SourceTitle "playchess.com"]
[Source "ChessBase"]
[SourceQuality "1"]
[TimeControl "5400+30"]

1. e4 e6 2. d4 d5 3. Nc3 Nf6 4. e5 Nfd7 5. f4 c5 6. Nf3 Nc6 7. Be3 cxd4 8. Nxd4 Bc5 9. Qd2 Bxd4 10. Bxd4 Qa5 11. O-O-O Rb8 12. f5 Nxd4 13. Qxd4 O-O 14. f6 Qc5 15. fxg7 Kxg7 16. Qf4 d4 17. Rxd4 Qxe5 18. Qf2 Qg5+ 19. Kb1 Ne5 20. h4 Qf6 21. Qg3+ Kh8 22. Re4 Nc6 23. Bd3 e5 24. Ree1 Qg7 25. Qe3 Be6 26. Rhf1 f5 27. Bb5 e4 28. Rd1 Rbd8 29. Bxc6 bxc6 30. Qc5 Bd5 31. Ne2 Qc7 32. Rxd5 1-0

[Event "26th Abu Dhabi Master 2019"]
[Site "Abu Dhabi"]
[Date "2019.08.02"]
[Round "1.40"]
[White "Deshpande, Aniruddha"]
[Black "Nguyen, Anh Khoi"]
[Result "1-0"]
[ECO "A62"]
[WhiteElo "2234"]
[BlackElo "2516"]
[Annotator "ChessBase"]
[PlyCount "65"]
[EventDate "2019.08.02"]
[EventType "swiss"]
[EventCountry "UAE"]
[SourceTitle "playchess.com"]
[Source "ChessBase"]
[SourceQuality "1"]
[TimeControl "5400+30"]

1. d4 Nf6 2. c4 e6 3. g3 c5 4. d5 exd5 5. cxd5 d6 6. Nc3 g6 7. Bg2 Bg7 8. Nf3 O-O 9. O-O Re8 10. Re1 a6 11. a4 Nbd7 12. e4 Ng4 13. Nd2 Nge5 14. Bf1 g5 15. f4 gxf4 16. gxf4 Ng6 17. Nf3 Nf6 18. f5 Ne5 19. Nxe5 Rxe5 20. Bf4 Qe7 21. Qf3 Bd7 22. Re2 Kh8 23. Bxe5 Qxe5 24. Rg2 Re8 25. Bd3 c4 26. Bc2 b5 27. axb5 axb5 28. Kh1 Bf8 29. Rag1 Ra8 30. Qh5 Be8 31. Qg5 h6 32. Qxf6+ Qxf6 33. Rg7 1-0

[Event "26th Abu Dhabi Master 2019"]
[Site "Abu Dhabi"]
[Date "2019.08.02"]
[Round "1.41"]
[White "Iniyan, P."]
[Black "Pujari, Rucha"]
[Result "1-0"]
[ECO "D30"]
[WhiteElo "2524"]
[BlackElo "2268"]
[Annotator "ChessBase"]
[PlyCount "33"]
[EventDate "2019.08.02"]
[EventType "swiss"]
[EventCountry "UAE"]
[SourceTitle "playchess.com"]
[Source "ChessBase"]
[SourceQuality "1"]
[TimeControl "5400+30"]

1. d4 d5 2. c4 e6 3. Nf3 Nf6 4. Bg5 Be7 5. e3 h6 6. Bh4 g5 7. Bg3 Ne4 8. Nc3 h5 9. Qc2 f5 10. cxd5 exd5 11. Nxe4 fxe4 12. Bxc7 Bb4+ 13. Kd1 Qe7 14. Bd6 Qxd6 15. Qxc8+ Ke7 16. Qxh8 exf3 17. Qg7+ 1-0

[Event "26th Abu Dhabi Master 2019"]
[Site "Abu Dhabi"]
[Date "2019.08.02"]
[Round "1.42"]
[White "Ayyad, Husain"]
[Black "Bajarani, Ulvi"]
[Result "0-1"]
[ECO "B53"]
[WhiteElo "2231"]
[BlackElo "2485"]
[Annotator "ChessBase"]
[PlyCount "112"]
[EventDate "2019.08.02"]
[EventType "swiss"]
[EventCountry "UAE"]
[SourceTitle "playchess.com"]
[Source "ChessBase"]
[SourceQuality "1"]
[TimeControl "5400+30"]

1. e4 c5 2. Nf3 d6 3. d4 cxd4 4. Qxd4 a6 5. h3 Nc6 6. Qe3 g6 7. Be2 Bg7 8. O-O Nf6 9. c4 O-O 10. Nc3 Nd7 11. b3 Nde5 12. Nxe5 Bxe5 13. Rd1 b5 14. Rb1 bxc4 15. Bxc4 Be6 16. Nd5 Bg7 17. Bb2 Bxb2 18. Rxb2 Ne5 19. Be2 Bxd5 20. Rxd5 Qc7 21. f4 Nd7 22. e5 dxe5 23. fxe5 e6 24. Rd6 a5 25. Qd4 Nb8 26. Bb5 Ra7 27. Rd2 Kg7 28. a4 Rb7 29. Kh2 Rc8 30. Qh4 Qe7 31. Qxe7 Rxe7 32. Rd8 Rec7 33. Kg3 Rxd8 34. Rxd8 Nc6 35. Bxc6 Rxc6 36. Rb8 g5 37. Rb5 Rc3+ 38. Kf2 Kg6 39. Rxa5 Rxb3 40. Ra7 h5 41. Ra8 h4 42. Ra7 Rc3 43. Ra5 Rc4 44. Kf3 Kf5 45. Ra7 Rf4+ 46. Ke3 Kxe5 47. a5 f5 48. a6 Ra4 49. Ra8 Ra3+ 50. Kf2 Kf4 51. a7 Ra2+ 52. Kf1 e5 53. Ke1 Ke3 54. Kd1 e4 55. Kc1 f4 56. Kd1 Kf2 0-1

[Event "26th Abu Dhabi Master 2019"]
[Site "Abu Dhabi"]
[Date "2019.08.02"]
[Round "1.43"]
[White "Kiriakov, Petr"]
[Black "Srihari L R"]
[Result "1-0"]
[ECO "A57"]
[WhiteElo "2516"]
[BlackElo "2227"]
[Annotator "ChessBase"]
[PlyCount "41"]
[EventDate "2019.08.02"]
[EventType "swiss"]
[EventCountry "UAE"]
[SourceTitle "playchess.com"]
[Source "ChessBase"]
[SourceQuality "1"]
[TimeControl "5400+30"]

1. d4 Nf6 2. c4 c5 3. d5 b5 4. cxb5 e6 5. Nc3 exd5 6. Nxd5 Bb7 7. e4 a6 8. bxa6 Nxa6 9. Bc4 Bd6 10. Nf3 Nxe4 11. O-O O-O 12. Re1 Re8 13. Bg5 Qa5 14. Be7 Bxe7 15. Rxe4 Bf8 16. Ne5 Nc7 17. Qh5 Bxd5 18. Qxf7+ Bxf7 19. Bxf7+ Kh8 20. Ng6+ hxg6 21. Rh4# 1-0

[Event "26th Abu Dhabi Master 2019"]
[Site "Abu Dhabi"]
[Date "2019.08.02"]
[Round "1.44"]
[White "Senthil Maran K"]
[Black "Kuybokarov, Temur"]
[Result "1-0"]
[ECO "D38"]
[WhiteElo "2222"]
[BlackElo "2511"]
[Annotator "ChessBase"]
[PlyCount "121"]
[EventDate "2019.08.02"]
[EventType "swiss"]
[EventCountry "UAE"]
[SourceTitle "playchess.com"]
[Source "ChessBase"]
[SourceQuality "1"]
[TimeControl "5400+30"]

1. d4 Nf6 2. Nf3 d5 3. c4 e6 4. Nc3 Bb4 5. Qa4+ Nc6 6. e3 O-O 7. Bd2 dxc4 8. Bxc4 Bd6 9. O-O a6 10. a3 e5 11. d5 e4 12. Nxe4 Nxe4 13. dxc6 Nxd2 14. Nxd2 Bxh2+ 15. Kxh2 Qxd2 16. cxb7 Qd6+ 17. Kg1 Bxb7 18. Qb4 Qc6 19. f3 Rab8 20. Rac1 Qf6 21. Qc3 Qg5 22. Be2 Rbe8 23. e4 Kh8 24. Qd4 Qf4 25. Rc3 f5 26. Rfc1 Rf7 27. Qe3 Qd6 28. Qa7 Qb6+ 29. Qxb6 cxb6 30. Rc7 Rfe7 31. exf5 h6 32. Bd3 Kg8 33. Kf2 Kf7 34. Be4 Bxe4 35. fxe4 g6 36. fxg6+ Kf8 37. Rxe7 Rxe7 38. Rc6 Rxe4 39. Rxb6 a5 40. Rb5 Rc4 41. Rxa5 Rc2+ 42. Kf3 Rxb2 43. Ra7 Ra2 44. a4 Kg8 45. g3 Ra1 46. Kg4 Ra2 47. a5 Ra1 48. a6 Ra5 49. Kf4 Ra3 50. Ke5 Ra1 51. g7 Ra3 52. g4 Ra4 53. Kf5 Kh7 54. g5 hxg5 55. g8=Q+ Kxg8 56. Kg6 Kf8 57. Ra8+ Ke7 58. a7 g4 59. Rh8 Ra6+ 60. Kf5 Kf7 61. a8=Q 1-0

[Event "26th Abu Dhabi Master 2019"]
[Site "Abu Dhabi"]
[Date "2019.08.02"]
[Round "1.45"]
[White "Sindarov, Javokhir"]
[Black "Tabada, Jobannie C."]
[Result "1-0"]
[ECO "B81"]
[WhiteElo "2479"]
[BlackElo "2216"]
[Annotator "ChessBase"]
[PlyCount "51"]
[EventDate "2019.08.02"]
[EventType "swiss"]
[EventCountry "UAE"]
[SourceTitle "playchess.com"]
[Source "ChessBase"]
[SourceQuality "1"]
[TimeControl "5400+30"]

1. e4 c5 2. Nf3 d6 3. d4 cxd4 4. Nxd4 Nf6 5. Nc3 e6 6. g4 h6 7. h4 Nc6 8. Rg1 h5 9. gxh5 Rxh5 10. Bg5 Rh7 11. Qd2 a6 12. O-O-O Bd7 13. f4 Be7 14. Nf3 Nh5 15. e5 d5 16. f5 Qa5 17. fxe6 Bxe6 18. Bxe7 Nxe7 19. Ng5 Rh6 20. Nxe6 Rxe6 21. Qg5 d4 22. Qxh5 Rh6 23. Qf3 dxc3 24. Bc4 f5 25. Rxg7 Qxe5 26. Qxb7 1-0

[Event "26th Abu Dhabi Master 2019"]
[Site "Abu Dhabi"]
[Date "2019.08.02"]
[Round "1.46"]
[White "Ajay Karthikeyan"]
[Black "Vasquez Schroeder, Rodrigo"]
[Result "0-1"]
[ECO "A45"]
[WhiteElo "2216"]
[BlackElo "2496"]
[Annotator "ChessBase"]
[PlyCount "138"]
[EventDate "2019.08.02"]
[EventType "swiss"]
[EventCountry "UAE"]
[SourceTitle "playchess.com"]
[Source "ChessBase"]
[SourceQuality "1"]
[TimeControl "5400+30"]

1. d4 Nf6 2. Bf4 d6 3. Nc3 Nbd7 4. Nf3 c5 5. d5 b5 6. Nxb5 Qa5+ 7. Nc3 Rb8 8. Bd2 Rxb2 9. e4 Rb8 10. Bd3 g6 11. Nb5 Qb6 12. a4 a6 13. a5 Qb7 14. Na3 Bg7 15. Rb1 Qc7 16. Rxb8 Nxb8 17. Bc3 Bg4 18. O-O O-O 19. h3 Bxf3 20. Qxf3 Nfd7 21. Bxg7 Kxg7 22. Nc4 Nf6 23. Rb1 Nbd7 24. Nb6 Rb8 25. Bxa6 Nxb6 26. axb6 Rxb6 27. Rxb6 Qxb6 28. Qe2 Qb2 29. g3 Qd4 30. Bd3 h5 31. Kg2 Kf8 32. f3 Qc3 33. h4 Nd7 34. Qd1 Ne5 35. Bf1 Qe3 36. Qe2 Qc3 37. Kf2 c4 38. Bh3 Qd4+ 39. Qe3 Qb2 40. Qe2 Qc3 41. f4 Ng4+ 42. Bxg4 hxg4 43. Kg2 Qd4 44. Qe1 f5 45. c3 Qd3 46. exf5 Qxd5+ 47. Kh2 gxf5 48. Qe2 Kf7 49. Kg1 Qe6 50. Qf2 Qe4 51. Qd2 Kf6 52. Qf2 Qd3 53. Qe1 e5 54. fxe5+ dxe5 55. Qf2 Kg6 56. Qb6+ Kh5 57. Qf2 Qf3 58. Qe1 e4 59. Kh2 f4 60. gxf4 Qxf4+ 61. Kg2 Qf3+ 62. Kg1 e3 63. Qb1 Qf2+ 64. Kh1 Qxh4+ 65. Kg2 Qf2+ 66. Kh1 Qf7 67. Qb5+ Kh4 68. Qc5 Qf1+ 69. Kh2 g3# 0-1

[Event "26th Abu Dhabi Master 2019"]
[Site "Abu Dhabi"]
[Date "2019.08.02"]
[Round "1.47"]
[White "Sadhwani, Raunak"]
[Black "Eynullayev, Altay"]
[Result "1-0"]
[ECO "B90"]
[WhiteElo "2477"]
[BlackElo "2188"]
[Annotator "ChessBase"]
[PlyCount "85"]
[EventDate "2019.08.02"]
[EventType "swiss"]
[EventCountry "UAE"]
[SourceTitle "playchess.com"]
[Source "ChessBase"]
[SourceQuality "1"]
[TimeControl "5400+30"]

1. e4 c5 2. Nf3 d6 3. d4 cxd4 4. Nxd4 Nf6 5. Nc3 a6 6. h4 e5 7. Nb3 Be7 8. Bg5 Be6 9. Bxf6 Bxf6 10. g3 O-O 11. Qd2 Be7 12. O-O-O Nd7 13. f4 b5 14. f5 Bxb3 15. cxb3 Nf6 16. Qe3 Rc8 17. Kb1 Qc7 18. Bd3 Rfe8 19. Qf3 h6 20. g4 b4 21. Na4 d5 22. exd5 Qd6 23. Be4 Red8 24. Bc2 Qc7 25. Rc1 Qd6 26. g5 Qxd5 27. Qe2 Nd7 28. f6 gxf6 29. gxh6 Kh8 30. Qg4 Rg8 31. Qf5 Rxc2 32. Qxc2 Rg2 33. Rhd1 Rxc2 34. Rxd5 Rxc1+ 35. Kxc1 Nf8 36. Nc5 a5 37. Ne4 Kh7 38. Ng3 Ne6 39. Rd7 Bf8 40. Rxf7+ Kg6 41. h7 Bg7 42. Re7 Nf4 43. h5+ 1-0

[Event "26th Abu Dhabi Master 2019"]
[Site "Abu Dhabi"]
[Date "2019.08.02"]
[Round "1.49"]
[White "Tahbaz, Arash"]
[Black "Priyanka, K."]
[Result "1-0"]
[ECO "B55"]
[WhiteElo "2461"]
[BlackElo "2201"]
[Annotator "ChessBase"]
[PlyCount "101"]
[EventDate "2019.08.02"]
[EventType "swiss"]
[EventCountry "UAE"]
[SourceTitle "playchess.com"]
[Source "ChessBase"]
[SourceQuality "1"]
[TimeControl "5400+30"]

1. e4 c5 2. Nf3 d6 3. d4 cxd4 4. Nxd4 Nf6 5. f3 e5 6. Bb5+ Bd7 7. Bxd7+ Qxd7 8. Nf5 d5 9. Bg5 dxe4 10. Bxf6 Qxd1+ 11. Kxd1 gxf6 12. fxe4 Na6 13. Ke2 Rg8 14. g3 Nb4 15. Na3 O-O-O 16. c3 Nd3 17. Nc4 Nc5 18. Kf3 Nxe4 19. Rad1 Ng5+ 20. Ke2 Rxd1 21. Rxd1 Ne4 22. Kf3 Ng5+ 23. Ke2 Ne4 24. Ke3 Ng5 25. h4 Ne6 26. Kf3 Kc7 27. Nce3 Rg6 28. Nd5+ Kb8 29. h5 Rg5 30. g4 e4+ 31. Kg3 Ng7 32. Nxg7 Bxg7 33. Ne3 Kc7 34. Nf5 Bf8 35. Rd4 e3 36. Kf3 b5 37. b4 a5 38. a3 axb4 39. axb4 Rxf5+ 40. gxf5 Bh6 41. Rd5 Kc6 42. Rc5+ Kb6 43. Rc8 Bg5 44. Rf8 h6 45. Rxf7 Kc6 46. Re7 Kd6 47. Rb7 Kc6 48. Rb8 Kd5 49. Rc8 Bh4 50. Rc5+ Kd6 51. Rxb5 {Kd5 Ke4+} 1-0

[Event "26th Abu Dhabi Master 2019"]
[Site "Abu Dhabi"]
[Date "2019.08.02"]
[Round "1.50"]
[White "Adnan, Habib Hana"]
[Black "Venkatesh, M.R."]
[Result "0-1"]
[ECO "E61"]
[WhiteElo "2220"]
[BlackElo "2480"]
[Annotator "ChessBase"]
[PlyCount "96"]
[EventDate "2019.08.02"]
[EventType "swiss"]
[EventCountry "UAE"]
[SourceTitle "playchess.com"]
[Source "ChessBase"]
[SourceQuality "1"]
[TimeControl "5400+30"]

1. d4 g6 2. c4 Bg7 3. Nf3 d6 4. Nc3 Nf6 5. Bg5 O-O 6. e3 c5 7. Be2 Nc6 8. d5 Na5 9. h3 h6 10. Bf4 a6 11. O-O Bd7 12. e4 b5 13. e5 dxe5 14. Nxe5 bxc4 15. Bf3 Rc8 16. Qe2 Qb6 17. Rad1 Rcd8 18. Nxc4 Nxc4 19. Qxc4 Ne8 20. Ne4 Bb5 21. Qb3 Qa7 22. Rfe1 Nd6 23. Nxd6 exd6 24. a4 Be8 25. Qc4 g5 26. Bc1 Rb8 27. b3 Rb4 28. Qd3 Qb7 29. Be2 Rxb3 30. Qxa6 Qxa6 31. Bxa6 Bxa4 32. Rd3 Ra8 33. Bc4 Rb4 34. Ba2 Bb5 35. Ra3 Rxa3 36. Bxa3 Ra4 37. Re3 c4 38. Bb1 c3 39. Bxd6 Ra1 40. Re1 c2 41. Bxc2 Rxe1+ 42. Kh2 Bc4 43. Bb4 Be5+ 44. f4 Bxf4+ 45. g3 Re2+ 46. Kg1 Be3+ 47. Kf1 Rxc2+ 48. Ke1 Rc1# 0-1

[Event "26th Abu Dhabi Master 2019"]
[Site "Abu Dhabi"]
[Date "2019.08.02"]
[Round "1.51"]
[White "Costachi, Mihnea"]
[Black "Soham Datar"]
[Result "1-0"]
[ECO "D15"]
[WhiteElo "2471"]
[BlackElo "2129"]
[Annotator "ChessBase"]
[PlyCount "195"]
[EventDate "2019.08.02"]
[EventType "swiss"]
[EventCountry "UAE"]
[SourceTitle "playchess.com"]
[Source "ChessBase"]
[SourceQuality "1"]
[TimeControl "5400+30"]

1. d4 d5 2. c4 c6 3. Nf3 Nf6 4. Nc3 dxc4 5. e4 b5 6. Be2 e6 7. O-O Bb7 8. b3 cxb3 9. e5 Nd5 10. Nxd5 cxd5 11. Bxb5+ Bc6 12. Qxb3 Bxb5 13. Qxb5+ Qd7 14. Rb1 Be7 15. Bd2 Qxb5 16. Rxb5 O-O 17. Rc1 Na6 18. Rc6 Nb8 19. Rc1 Na6 20. Rb7 Ba3 21. Rc6 Rab8 22. Rxa7 Rb1+ 23. Be1 Nb8 24. Rcc7 Bb4 25. Kf1 Bxe1 26. Nxe1 Rd1 27. Ra4 Rb1 28. Ra8 Rd1 29. Ra4 Rb1 30. f4 h6 31. Ra8 Rd1 32. Ra4 Rb1 33. Kf2 Rb6 34. Nd3 Nc6 35. Ke3 g5 36. fxg5 hxg5 37. Nc5 Nb8 38. Ra8 Rb2 39. Rb7 Rxb7 40. Nxb7 Nc6 41. Rxf8+ Kxf8 42. a4 f6 43. exf6 Kf7 44. a5 Kxf6 45. a6 e5 46. Nd8 exd4+ 47. Kd2 Na7 48. Kd3 Ke7 49. Nb7 Nc6 50. Kd2 Na7 51. Ke2 Kd7 52. Nc5+ Kd6 53. Nb3 Ke5 54. Kf3 Nc6 55. Kg4 d3 56. Kxg5 Ke4 57. h4 Ke3 58. h5 Na5 59. Nd2 Nc4 60. Nb3 Na5 61. Nxa5 d2 62. a7 d1=Q 63. a8=Q Kf2 64. Qf8+ Kxg2 65. Qb4 d4 66. Nb3 Kh3 67. Kh6 Qf3 68. Qxd4 Qxb3 69. Kg7 Qb7+ 70. Kg6 Qg2+ 71. Kf5 Qf3+ 72. Kg6 Qc6+ 73. Qf6 Qe8+ 74. Qf7 Qc6+ 75. Qf6 Qe8+ 76. Kh6 Kh2 77. Qf4+ Kh3 78. Qf5+ Kh4 79. Qf6+ Kh3 80. Kg5 Qg8+ 81. Qg6 Qd8+ 82. Kf4 Qd2+ 83. Kf5 Qd3+ 84. Kf6 Qd4+ 85. Kf7 Qd7+ 86. Kf8 Qd8+ 87. Kg7 Qd7+ 88. Qf7 Qd4+ 89. Qf6 Qd7+ 90. Qf7 Qd4+ 91. Kg6 Qd6+ 92. Kh7 Qd3+ 93. Kg8 Qd8+ 94. Kg7 Qd4+ 95. Qf6 Qg4+ 96. Kh6 Qg8 97. Qc3+ Kh4 98. Qe1+ 1-0

[Event "26th Abu Dhabi Master 2019"]
[Site "Abu Dhabi"]
[Date "2019.08.02"]
[Round "1.52"]
[White "Krzywda, Andrzej"]
[Black "Vignesh N R"]
[Result "0-1"]
[ECO "A45"]
[WhiteElo "2190"]
[BlackElo "2466"]
[Annotator "ChessBase"]
[PlyCount "80"]
[EventDate "2019.08.02"]
[EventType "swiss"]
[EventCountry "UAE"]
[SourceTitle "playchess.com"]
[Source "ChessBase"]
[SourceQuality "1"]
[TimeControl "5400+30"]

1. d4 Nf6 2. Bg5 g6 3. Bxf6 exf6 4. e3 d5 5. g3 h5 6. h4 Bd6 7. Bg2 c6 8. Ne2 O-O 9. O-O Nd7 10. b3 f5 11. c4 Nf6 12. Nbc3 Be6 13. Qd3 Re8 14. c5 Bc7 15. Nf4 Ne4 16. b4 g5 17. hxg5 Qxg5 18. b5 h4 19. gxh4 Qxh4 20. Nce2 Kh8 21. f3 Ng3 22. Nxg3 Qxg3 23. bxc6 bxc6 24. Qd2 Rg8 25. Rab1 Bxf4 26. exf4 Rg6 27. Rf2 Rag8 28. Qe3 Rh6 29. Rb8 Rxb8 30. Qe5+ Kh7 31. Qxb8 Rh4 32. Qxa7 Qh2+ 33. Kf1 Qxf4 34. Re2 Qh6 35. Qe7 Rxd4 36. Qd6 Rd1+ 37. Kf2 Qh4+ 38. Qg3 Qd4+ 39. Re3 Rd2+ 40. Kf1 Qxe3 0-1

[Event "26th Abu Dhabi Master 2019"]
[Site "Abu Dhabi"]
[Date "2019.08.02"]
[Round "1.53"]
[White "Shyaamnikhil P"]
[Black "Mrudul Dehankar"]
[Result "1/2-1/2"]
[ECO "C78"]
[WhiteElo "2456"]
[BlackElo "2074"]
[Annotator "ChessBase"]
[PlyCount "74"]
[EventDate "2019.08.02"]
[EventType "swiss"]
[EventCountry "UAE"]
[SourceTitle "playchess.com"]
[Source "ChessBase"]
[SourceQuality "1"]
[TimeControl "5400+30"]

1. e4 e5 2. Nf3 Nc6 3. Bb5 a6 4. Ba4 Nf6 5. O-O b5 6. Bb3 Bb7 7. d3 Bc5 8. Nc3 O-O 9. Bg5 h6 10. Bh4 g5 11. Bg3 d6 12. a4 Na5 13. Ba2 b4 14. Ne2 Nh5 15. c3 bxc3 16. bxc3 Bb6 17. Nd2 Nf4 18. Nc1 Qf6 19. Kh1 Rad8 20. Rb1 Bc6 21. f3 h5 22. Bf2 Bxf2 23. Rxf2 Nb7 24. Qf1 Nc5 25. a5 Rb8 26. g3 Ng6 27. Bc4 Rxb1 28. Nxb1 Rb8 29. Na2 Bb5 30. Na3 Bxc4 31. Nxc4 Rb3 32. Nb4 Qe6 33. Rc2 Kg7 34. Nd2 Ra3 35. Nc4 Rb3 36. Nd2 Ra3 37. Nc4 Rb3 1/2-1/2

[Event "26th Abu Dhabi Master 2019"]
[Site "Abu Dhabi"]
[Date "2019.08.02"]
[Round "1.54"]
[White "Al Hosani, Omran"]
[Black "Alavi, Sayed Javad"]
[Result "1/2-1/2"]
[ECO "E32"]
[WhiteElo "2135"]
[BlackElo "2454"]
[Annotator "ChessBase"]
[PlyCount "64"]
[EventDate "2019.08.02"]
[EventType "swiss"]
[EventCountry "UAE"]
[SourceTitle "playchess.com"]
[Source "ChessBase"]
[SourceQuality "1"]
[TimeControl "5400+30"]

1. d4 Nf6 2. c4 e6 3. Nc3 Bb4 4. Qc2 O-O 5. a3 Bxc3+ 6. Qxc3 b6 7. Bg5 Bb7 8. e3 d6 9. Nf3 Nbd7 10. Be2 Rc8 11. Qc2 c5 12. Rd1 Qe7 13. O-O cxd4 14. Nxd4 Ba6 15. Qa4 Nc5 16. Qb4 Rfd8 17. Nb5 Bxb5 18. Qxb5 Nce4 19. Bh4 Rc5 20. Qb3 g5 21. Bg3 d5 22. cxd5 Rdxd5 23. Rxd5 Rxd5 24. Rd1 Rxd1+ 25. Qxd1 Nxg3 26. hxg3 Qc5 27. Bd3 Kg7 28. Qc2 Qe5 29. Bf1 h5 30. Be2 g4 31. Bf1 Nd5 32. Bc4 Nf6 1/2-1/2

[Event "26th Abu Dhabi Master 2019"]
[Site "Abu Dhabi"]
[Date "2019.08.02"]
[Round "1.55"]
[White "Muradli, Mahammad"]
[Black "Mahalakshmi, M."]
[Result "0-1"]
[ECO "E15"]
[WhiteElo "2454"]
[BlackElo "2173"]
[Annotator "ChessBase"]
[PlyCount "68"]
[EventDate "2019.08.02"]
[EventType "swiss"]
[EventCountry "UAE"]
[SourceTitle "playchess.com"]
[Source "ChessBase"]
[SourceQuality "1"]
[TimeControl "5400+30"]

1. d4 Nf6 2. c4 e6 3. Nf3 b6 4. g3 Ba6 5. b3 Bb7 6. Bg2 Bb4+ 7. Bd2 c5 8. dxc5 Bxc5 9. O-O O-O 10. Nc3 d5 11. Ne5 Bd4 12. Nd3 Nc6 13. e3 Bxc3 14. Bxc3 dxc4 15. bxc4 Qe7 16. Qa4 Rac8 17. Rfd1 Rfd8 18. Rd2 Na5 19. Bxa5 Bxg2 20. Kxg2 bxa5 21. f3 e5 22. e4 h6 23. Rad1 Qc7 24. Qb5 Rd4 25. Nb2 Rb8 26. Qa4 Rb4 27. Qc2 Qb7 28. c5 Rxb2 29. Qxb2 Qxb2 30. Rxb2 Rxd1 31. c6 Rc1 32. Rb8+ Kh7 33. Rc8 Rc2+ 34. Kg1 Rxa2 0-1

[Event "26th Abu Dhabi Master 2019"]
[Site "Abu Dhabi"]
[Date "2019.08.02"]
[Round "1.56"]
[White "Arjun C Krishnamachari"]
[Black "Gaponenko, Inna"]
[Result "0-1"]
[ECO "B06"]
[WhiteElo "2212"]
[BlackElo "2450"]
[Annotator "ChessBase"]
[PlyCount "120"]
[EventDate "2019.08.02"]
[EventType "swiss"]
[EventCountry "UAE"]
[SourceTitle "playchess.com"]
[Source "ChessBase"]
[SourceQuality "1"]
[TimeControl "5400+30"]

1. e4 g6 2. d4 d6 3. h3 Bg7 4. Nf3 Nd7 5. Bc4 e6 6. O-O a6 7. a4 b6 8. Re1 Bb7 9. Nc3 h6 10. Bf4 Ne7 11. Bg3 O-O 12. Qd2 Nf6 13. Rad1 Nh7 14. Qe3 Kh8 15. Nh2 d5 16. exd5 Nf5 17. Qf4 exd5 18. Bd3 Nxg3 19. Qxg3 c5 20. dxc5 bxc5 21. Be4 Nf6 22. Bxd5 Nxd5 23. Nxd5 Bxd5 24. c4 Bxb2 25. Rxd5 Qa5 26. Nf3 Bg7 27. Re7 Qxa4 28. Ne5 Kg8 29. Kh2 Rae8 30. Rc7 Rxe5 31. Rxe5 Bxe5 32. Qxe5 Qxc4 33. Rxc5 Qb4 34. Ra5 Qb6 35. f4 Rd8 36. Qa1 Rd6 37. Re5 Qd4 38. Qxd4 Rxd4 39. Re8+ Kg7 40. Ra8 Ra4 41. Kg3 Kf6 42. Ra7 h5 43. h4 Ra3+ 44. Kf2 Ke6 45. g3 a5 46. Kg2 Ra1 47. Kf2 a4 48. Kg2 a3 49. Kf2 Kd5 50. Kg2 Ke4 51. Rxf7 Rb1 52. Ra7 Rb2+ 53. Kh3 a2 54. Ra4+ Kf3 55. Ra3+ Kf2 56. Kh2 Kf1+ 57. Kh1 Ke1 58. Ra6 Kd1 59. Kg1 Kc1 60. Re6 Rd2 0-1

[Event "26th Abu Dhabi Master 2019"]
[Site "Abu Dhabi"]
[Date "2019.08.02"]
[Round "1.57"]
[White "Krishna C R G"]
[Black "Utsab Chatterjee"]
[Result "1-0"]
[ECO "E06"]
[WhiteElo "2463"]
[BlackElo "2150"]
[Annotator "ChessBase"]
[PlyCount "93"]
[EventDate "2019.08.02"]
[EventType "swiss"]
[EventCountry "UAE"]
[SourceTitle "playchess.com"]
[Source "ChessBase"]
[SourceQuality "1"]
[TimeControl "5400+30"]

1. d4 d5 2. c4 e6 3. Nf3 Nf6 4. g3 Be7 5. Bg2 O-O 6. O-O dxc4 7. Qc2 a6 8. a4 Bd7 9. Qxc4 Bc6 10. Bf4 Bd6 11. Qc1 a5 12. Nc3 Na6 13. Rd1 Qe7 14. Bg5 h6 15. Bh4 Bxf3 16. Bxf3 g5 17. Bxg5 hxg5 18. Qxg5+ Kh8 19. Bxb7 Ra7 20. Bg2 Nb4 21. Nb5 Ra6 22. Rac1 Rb8 23. e4 e5 24. dxe5 Qxe5 25. Qxe5 Bxe5 26. f4 Bxb2 27. Rxc7 Ng4 28. Bf3 Ne3 29. Rd2 Bg7 30. Kf2 Nec2 31. Bd1 Na1 32. Rxf7 Rc6 33. e5 Rf8 34. Re7 Rc5 35. Bf3 Nb3 36. Rdd7 Rc2+ 37. Kg1 Rg8 38. Nd6 Nc5 39. Nf7+ Kh7 40. Ng5+ Kh8 41. Nf7+ Kh7 42. Bg4 Rb8 43. Ng5+ Kh8 44. Rxg7 Nxd7 45. Rh7+ Kg8 46. Be6+ Kf8 47. Rf7+ 1-0

[Event "26th Abu Dhabi Master 2019"]
[Site "Abu Dhabi"]
[Date "2019.08.02"]
[Round "1.58"]
[White "Mohamed, Faisal"]
[Black "Akash Pc, Iyer"]
[Result "0-1"]
[ECO "A10"]
[WhiteElo "2150"]
[BlackElo "2441"]
[Annotator "NA"]
[PlyCount "59"]
[EventDate "2019.08.02"]
[EventType "swiss"]
[EventCountry "UAE"]
[SourceTitle "playchess.com"]
[Source "ChessBase"]
[SourceQuality "1"]
[TimeControl "5400+30"]

1. c4 d5 2. e3 Nf6 3. b3 e6 4. Nf3 Bd6 5. Bb2 Nbd7 6. Nc3 c6 7. Qc2 Qe7 8. Rg1 dxc4 9. bxc4 e5 10. h3 Ba3 11. Bxa3 Qxa3 12. g4 O-O 13. h4 Qe7 14. Be2 e4 15. Nd4 Nc5 16. g5 Ne8 17. Nb3 Bf5 18. Nd4 Nd6 19. Rb1 Bd7 20. Qb2 f5 21. Qa3 b6 22. Nb3 Ndb7 23. Kd1 Qe5 24. Kc2 f4 25. Rbe1 f3 26. Bd1 Nd3 27. Kb1 Nxe1 28. Nd4 c5 29. Ndb5 Bxb5 30. Nxb5 0-1

[Event "26th Abu Dhabi Master 2019"]
[Site "Abu Dhabi"]
[Date "2019.08.02"]
[Round "1.59"]
[White "Lee, Jun Hyeok"]
[Black "Chitlange Sakshi"]
[Result "1-0"]
[ECO "A13"]
[WhiteElo "2383"]
[BlackElo "2168"]
[Annotator "NA"]
[PlyCount "57"]
[EventDate "2019.08.02"]
[EventType "swiss"]
[EventCountry "UAE"]
[SourceTitle "playchess.com"]
[Source "ChessBase"]
[SourceQuality "1"]
[TimeControl "5400+30"]

1. c4 e6 2. e4 d5 3. cxd5 exd5 4. exd5 Nf6 5. Nc3 Nxd5 6. Nf3 Be7 7. d4 O-O 8. Bd3 Nc6 9. O-O Ncb4 10. Bc4 Bf5 11. a3 Nb6 12. Bb3 N4d5 13. Re1 Bf6 14. Ne5 c6 15. Qf3 Be6 16. Ne4 Be7 17. Bc2 Nf6 18. Bg5 Nxe4 19. Qxe4 g6 20. Bh6 Re8 21. Re3 Bd5 22. Qf4 Nc4 23. Nxc4 Bxc4 24. Rae1 Be6 25. Rxe6 fxe6 26. Rxe6 Bh4 27. Qe5 Bxf2+ 28. Kh1 Bxd4 29. Bb3 1-0

[Event "26th Abu Dhabi Master 2019"]
[Site "Abu Dhabi"]
[Date "2019.08.02"]
[Round "1.60"]
[White "Ilyasli, Ughur"]
[Black "Socko, Monika"]
[Result "0-1"]
[ECO "E52"]
[WhiteElo "2104"]
[BlackElo "2443"]
[Annotator "NA"]
[PlyCount "142"]
[EventDate "2019.08.02"]
[EventType "swiss"]
[EventCountry "UAE"]
[SourceTitle "playchess.com"]
[Source "ChessBase"]
[SourceQuality "1"]
[TimeControl "5400+30"]

1. d4 Nf6 2. Nf3 e6 3. c4 Bb4+ 4. Nc3 O-O 5. e3 d5 6. Bd3 b6 7. cxd5 exd5 8. Bd2 Ba6 9. Bxa6 Nxa6 10. Qa4 Qc8 11. O-O Re8 12. Rac1 Bf8 13. Ne2 c5 14. dxc5 Nxc5 15. Qd1 Qa6 16. a3 Nd3 17. Rc2 Rac8 18. Nc1 Ne4 19. Nxd3 Qxd3 20. Bc3 Qxd1 21. Rxd1 Bxa3 22. Nd4 Nxc3 23. bxc3 Bf8 24. Ne2 a5 25. Rxd5 a4 26. Kf1 Bc5 27. Ra2 a3 28. Ke1 g6 29. Kd2 b5 30. Nd4 b4 31. cxb4 Bxb4+ 32. Kd1 Bf8 33. Nc2 Ra8 34. Rd3 Re5 35. Nd4 Rh5 36. h3 Rg5 37. g3 h5 38. h4 Rga5 39. Kc2 Rc5+ 40. Rc3 Rd5 41. Kb1 Ra6 42. Rac2 Bg7 43. Rc4 Rd7 44. Ka2 Rb7 45. R4c3 Bf8 46. Rb3 Rd7 47. Rc8 Kg7 48. Rbb8 Be7 49. Rg8+ Kf6 50. Ra8 Rb6 51. Rgb8 Rdb7 52. Rxb7 Rxb7 53. Nb3 Rc7 54. Kb1 Bb4 55. Ra4 Be1 56. g4 Kg7 57. gxh5 gxh5 58. Rf4 Kg6 59. Nd4 f6 60. Nf5 Rc5 61. Ng3 Rb5+ 62. Ka2 Rb2+ 63. Kxa3 Rxf2 64. Ne4 Rxf4 65. exf4 Bxh4 66. Kb3 Kf5 67. Nd6+ Kxf4 68. Kc2 Bg3 69. Ne8 h4 70. Nxf6 h3 71. Nd5+ Kf3 0-1